AoeStats
← gabisan

Black Forest

508462232Analyzed
3v3 RM · 11d ago on Sep 22, 2026· 56m 1s· 6 players
Game mode
Random Map
Map size
Normal (6 player)
Population
200
Speed
Normal
Resources
Standard
Victory
Conquest
Starting age
Dark Age
Ending age
Imperial Age
RankedLock teamsTeams togetherTeam positionsShared explorationLock speedFull tech treeHidden civsTurbo modeCheats
Victory
Defeat
🇷🇴 Romans · Romania
961
+10
🇷🇴 Turks · Romania
960
+10
🇷🇴 Spanish · Romania
956
+10
🇸🇪 Danes · Sweden
890
-12
🇩🇪 Saxons · Germany
854
-11
🇬🇧 Hindustanis · United Kingdom
720
-7
S3r!ousLE3
0:34 Loom
13:43 Feudal Age
14:24 Town Watch
14:27 Double-Bit Axe
14:34 Horse Collar
18:57 Castle Age
21:39 Heavy Plow
30:37 Wheelbarrow
30:03 Town Patrol
31:55 Pikeman
32:21 Gambesons
32:37 Squires
32:22 Arson
32:44 Scale Mail Armor
32:54 Forging
33:41 Hand Cart
36:14 Imperial Age
33:10 Crossbowman
33:56 Thumb Ring
33:49 Fletching
34:00 Padded Archer Armor
34:21 Chain Mail Armor
34:30 Ballistics
34:34 Bodkin Arrow
34:43 Guard Tower
37:05 Iron Casting
36:46 Leather Archer Armor
37:31 Conscription
36:32 Shield Wall
38:25 Chemistry
37:59 Plate Mail Armor
37:30 Bracer
39:06 Keep
38:41 Halberdier
39:43 Arrowslits
40:04 Siege Engineers
42:26 Elite Hearth Troop
42:40 Man-at-Arms
42:47 Elite Skirmisher
44:09 Elite Varangian Guard
46:03 Block Printing
45:13 Clerical Recruitment
47:03 Redemption
47:20 Illumination
47:17 Sanctity
49:14 Hoardings
villenorrman
10:40 Feudal Age
12:17 Double-Bit Axe
17:15 Castle Age
15:25 Loom
18:53 Bow Saw
22:35 Fishing Lines
24:21 Wheelbarrow
23:56 Town Watch
27:26 Hand Cart
27:24 Fletching
28:07 Horse Collar
29:05 Gillnets
32:39 Imperial Age
31:36 Ballistics
31:34 Scale Mail Armor
31:39 Hamask
32:24 Squires
32:11 Arson
33:25 Chain Mail Armor
33:20 Forging
34:40 Conscription
33:59 Onager
36:12 Chemistry
36:21 Elite Varangian Guard
37:58 Iron Casting
40:38 Siege Onager
43:01 Plate Mail Armor
44:03 Bodkin Arrow
48:00 Blast Furnace
54:00 Thumb Ring
53:16 Heavy Mounted Crossbowman
55:52 Bracer
55:54 Padded Archer Armor
Toffzter
0:30 Loom
14:19 Feudal Age
16:06 Wheelbarrow
15:16 Town Watch
15:15 Horse Collar
15:47 Double-Bit Axe
16:40 Fishing Lines
22:39 Castle Age
21:05 Stone Mining
21:06 Gold Mining
21:50 Forging
21:31 Fletching
22:01 Scale Mail Armor
22:08 Padded Archer Armor
22:36 Scale Barding Armor
26:09 Hand Cart
25:55 Town Patrol
26:08 Bow Saw
26:00 Heavy Plow
27:46 Bodkin Arrow
28:36 Stone Shaft Mining
29:09 Gold Shaft Mining
30:07 Crossbowman
31:14 Gillnets
31:40 Grand Trunk Road
33:15 Caravan
35:56 Iron Casting
35:36 Chain Mail Armor
35:37 Leather Archer Armor
35:42 Chain Barding Armor
35:47 Ballistics
35:23 Murder Holes
39:44 Imperial Age
38:03 Fortified Wall
38:05 Masonry
38:46 Thumb Ring
38:43 Husbandry
38:54 Bloodlines
40:29 Guard Tower
43:16 Chemistry
42:22 Siege Engineers
42:59 Conscription
44:38 Hoardings
44:34 Shatagni
45:55 Bracer
46:26 Ring Archer Armor
47:08 Heavy Camel Rider
48:32 Conscription
49:38 Plate Barding Armor
50:04 Blast Furnace
53:25 Two-Man Saw
gabisan
0:26 Loom
12:08 Feudal Age
18:12 Castle Age
16:12 Horse Collar
17:17 Stone Mining
17:34 Double-Bit Axe
19:40 Bow Saw
23:59 Gold Mining
26:16 Fletching
27:17 Fortified Wall
33:26 Imperial Age
31:24 Heavy Plow
32:02 Gold Shaft Mining
34:39 Wheelbarrow
34:09 Artillery
34:30 Conscription
35:32 Two-Man Saw
35:17 Bodkin Arrow
35:24 Scale Mail Armor
36:14 Heavy Camel Rider
36:55 Husbandry
37:07 Bloodlines
36:45 Heavy Scorpion
37:49 Ballistics
39:11 Caravan
39:48 Coinage
40:22 Hand Cart
42:16 Bracer
42:08 Heated Shot
42:30 Masonry
44:25 Hoardings
47:58 Scale Barding Armor
48:26 Architecture
49:18 Arrowslits
53:30 Elite Janissary
email_to_mihai
0:29 Loom
14:14 Feudal Age
19:38 Castle Age
18:12 Stone Mining
18:29 Double-Bit Axe
18:48 Horse Collar
19:00 Gold Mining
23:28 Wheelbarrow
24:23 Bow Saw
30:53 Imperial Age
30:08 Hand Cart
31:15 Husbandry
31:26 Bloodlines
30:36 Light Cavalry
31:33 Scale Barding Armor
31:20 Fletching
31:40 Forging
31:58 Heavy Plow
32:01 Caravan
31:41 Cavalier
32:34 Hussar
35:05 Chemistry
34:11 Scale Mail Armor
34:47 Iron Casting
34:08 Bodkin Arrow
35:18 Chain Barding Armor
34:38 Pikeman
35:19 Squires
35:47 Ballistics
35:54 Conscription
38:05 Elite Conquistador
39:52 Plate Barding Armor
39:20 Padded Archer Armor
41:01 Paladin
42:46 Bracer
43:03 Chain Mail Armor
48:24 Plate Mail Armor
48:55 Blast Furnace
highrisk
2:03 Loom
13:53 Feudal Age
14:19 Double-Bit Axe
14:38 Horse Collar
19:34 Castle Age
18:26 Gold Mining
18:31 Stone Mining
18:39 Fletching
20:55 Wheelbarrow
20:06 Town Watch
20:56 Bow Saw
20:50 Heavy Plow
27:17 Gold Shaft Mining
29:42 Hand Cart
29:29 Town Patrol
33:55 Imperial Age
33:35 Caravan
35:05 Heavy Scorpion
36:18 Ballistas
38:16 Chemistry
37:37 Ballistics
37:20 Bodkin Arrow
37:26 Scale Mail Armor
37:37 Forging
37:32 Scale Barding Armor
39:52 Siege Engineers
40:00 Fortified Wall
42:01 Padded Archer Armor
42:37 Iron Casting
42:15 Masonry
42:01 Murder Holes
45:07 Guilds
47:35 Chain Barding Armor
47:31 Chain Mail Armor
48:16 Blast Furnace
48:02 Coinage
47:43 Light Cavalry
48:34 Bloodlines
48:24 Husbandry
52:49 Plate Barding Armor
52:30 Leather Archer Armor
Connection lost

Rejoining the realm…

Still unreachable

The connection could not be restored.

Session expired

The server has moved on; the page needs a fresh start.